 Dungeon Crawl Stone Soup version 0.28.0-43-g3370ac3207 (webtiles) character file.

Game seed: 13987113183211774277

103916 pkoi the Destroyer (level 15, -31/126 HPs)
             Began as a Demigod Conjurer on Mar 25, 2022.
             Blown up by a lich (55 damage)
             ... with a wavering orb of destruction
             ... on level 3 of the Abyss.
             The game lasted 01:32:47 (48657 turns).

pkoi the Destroyer (Demigod Conjurer)              Turns: 48657, Time: 01:32:47

Health: -31/126    AC:  8    Str: 14    XL:     15   Next: 43%
Magic:  20/42      EV: 16    Int: 49    God:
Gold:   1615       SH:  0    Dex: 14    Spells: 7/33 levels left

rFire   + + .      SeeInvis +   b - +2 lajatang (flame)
rCold   + + .      Faith    +   (shield currently unavailable)
rNeg    . . .      Spirit   .   w - +1 robe of the Miller {rElec rC++ Regen+ SInv}
rPois   .          Reflect  .   L - +2 helmet
rElec   +          Harm     .   (no cloak)
rCorr   +          Rampage  .   O - +0 pair of gloves
Will    .....                   t - +0 pair of boots
Stlth   ++........              R - amulet "Mumaq" {Faith +Inv Dex-2 Slay+6 SInv}
HPRegen 0.00/turn               K - ring of Vaninej {rF++ Will- rCorr Int+6 Dex+4}
MPRegen 0.28/turn               N - ring of Wacewkip {rElec MP+9 Str+6 Int+3}

@: about to teleport, sick
A: high MP 1, forlorn, divine attributes
a: Evoke Invisibility


You were on level 3 of the Abyss.
You visited 5 branches of the dungeon, and saw 24 of its levels.
You visited the Abyss 1 time.
You also visited: Sewer, Gauntlet and Volcano.

You collected 2311 gold pieces.
You spent 696 gold pieces at shops.

Inventory:

Hand Weapons
 b - a +2 lajatang of flaming (weapon)
Missiles
 s - 2 throwing nets
 S - 2 curare-tipped darts
 V - 6 silver javelins
Armour
 t - a +0 pair of boots (worn)
 w - the +1 robe of the Miller (worn) {rElec rC++ Regen+ SInv}
   (You found it on level 6 of the Dungeon)

   rC:        It greatly protects you from cold.
   rElec:     It insulates you from electricity.
   SInv:      It lets you see invisible.
   Regen:     It increases your rate of health regeneration.
 L - a +2 helmet (worn)
 O - a +0 pair of gloves (worn)
Magical Staves
 a - a staff of cold
Jewellery
 n - a ring of flight
 F - a ring of see invisible
 K - the ring of Vaninej (left hand) {rF++ Will- rCorr Int+6 Dex+4}
   (You acquired it on level 6 of the Lair of Beasts)

   [ring of intelligence]

   Int:       It affects your intelligence (+6).
   Dex:       It affects your dexterity (+4).
   rF:        It greatly protects you from fire.
   rCorr:     It protects you from acid and corrosion.
   Will:      It decreases your willpower.
 N - the ring of Wacewkip (right hand) {rElec MP+9 Str+6 Int+3}
   (You found it on level 4 of the Lair of Beasts)

   [ring of strength]

   Str:       It affects your strength (+6).
   Int:       It affects your intelligence (+3).
   rElec:     It insulates you from electricity.
   MP:        It affects your magic capacity (+9).
 P - a ring of protection from fire
 R - the amulet "Mumaq" (around neck) {Faith +Inv Dex-2 Slay+6 SInv}
   (You found it in a Gauntlet)

   [amulet of faith]

   It allows you to gain divine favour quickly.
   Dex:       It affects your dexterity (-2).
   Slay:      It affects your accuracy & damage with ranged weapons and melee
   (+6).
   SInv:      It lets you see invisible.
   +Inv:      It lets you turn invisible.
Wands
 h - a wand of acid (15)
 i - a wand of iceblast (33)
 o - a wand of paralysis (13)
 v - a wand of charming (12)
 y - a wand of mindburst (11)
 H - a wand of flame (53)
 I - a wand of digging (2)
Scrolls
 c - 6 scrolls of enchant armour
 g - 4 scrolls of fog
 k - 7 scrolls of fear
 l - 3 scrolls of blinking
 r - a scroll of teleportation
 z - 2 scrolls of brand weapon
 C - 3 scrolls of enchant weapon
 D - 4 scrolls of amnesia
 E - 2 scrolls of magic mapping
 G - 5 scrolls of identify
 W - a scroll of summoning
Potions
 e - 2 potions of brilliance
 j - 5 potions of might
 m - 10 potions of haste
 q - 2 potions of magic
 u - 4 potions of invisibility
 x - 2 potions of flight
 A - 3 potions of cancellation
 B - 2 potions of heal wounds
 M - 2 potions of curing
 T - a potion of resistance
Miscellaneous
 Y - a condenser vane
 Z - a phantom mirror


   Skills:
 + Level 10.0 Fighting
 + Level 4.1 Staves
 + Level 9.8 Dodging
 - Level 1.7 Stealth
 + Level 9.8 Spellcasting
 - Level 12.0 Conjurations
 - Level 9.0 Hexes
 - Level 9.0 Translocations
 + Level 8.2 Ice Magic
 + Level 7.5 Air Magic
 + Level 2.5 Evocations


You had 7 spell levels left.
You knew the following spells:

 Your Spells              Type           Power      Damage    Failure   Level
a - Magic Dart            Conj           100%       1d8       0%          1
b - Searing Ray           Conj           100%       2d8       0%          2
c - Iskenderun's Mystic   Conj/Tloc      91%        2d18      1%          4
d - Fulminant Prism       Conj/Hex       45%        3d21      1%          4
e - Swiftness             Air            78%        N/A       1%          3
f - Airstrike             Air            39%        N/A       1%          4
g - Freezing Cloud        Conj/Ice/Air   43%        6-21      1%          5
h - Apportation           Tloc           100%       N/A       1%          1
i - Blink                 Tloc           100%       N/A       1%          2

Your spell library contained the following spells:

 Spells                   Type           Power      Damage    Failure   Level
 Animate Skeleton         Necr           48%        N/A       1%          1
 Beastly Appendage        Tmut           48%        N/A       1%          1
 Shock                    Conj/Air       100%       1d9       1%          1
 Summon Small Mammal      Summ           96%        N/A       1%          1
 Call Imp                 Summ           24%        N/A       1%          2
 Scorch                   Fire           48%        2d7       1%          2
 Static Discharge         Conj/Air       88%        N/A       1%          2
 Wereblood                Tmut           24%        N/A       1%          2
 Dazzling Flash           Conj/Hex       100%       N/A       1%          3
 Lesser Beckoning         Tloc           84%        N/A       1%          3
 Mephitic Cloud           Conj/Pois/Air  73%        N/A       1%          3
 Summon Guardian Golem    Hex/Summ       62%        N/A       1%          3
 Hailstorm                Conj/Ice       89%        3d18      1%          4
 Ice Form                 Ice/Tmut       59%        N/A       1%          4
 Summon Ice Beast         Ice/Summ       59%        N/A       1%          4
 Lightning Bolt           Conj/Air       44%        1d63      1%          5
 Manifold Assault         Tloc           84%        N/A       1%          5
 Spider Form              Tmut/Pois      24%        N/A       3%          3
 Simulacrum               Ice/Necr       29%        N/A       28%         6
 Maxwell's Capacitive Co  Air            39%        ∞         96%         8
 Polar Vortex             Ice            40%        N/A       100%        9


Dungeon Overview and Level Annotations

Branches:
Dungeon (14/15)            Temple (0/1) D:6            Lair (6/6) D:8
  Swamp (1/4) Lair:2       Spider (0/4) Lair:3        Slime (0/5) Lair:5
    Orc (2/2) D:10            Elf (1/3) Orc:2        Vaults (0/5) D:13
  Sewer (visited)         Volcano (visited)         Gauntlet (visited)

Shops:
D:5 [   D:10 *   D:11 ?   D:13 [   Orc:2 ?(**

Portals:
Trove: D:12 (give +6 fire dragon scales)

Annotations:
D:14 Louise
Lair:2 1 runed translucent door, Keef's ghost, journeyman OpTm


Innate Abilities, Weirdness & Mutations

You have an increased reservoir of magic. (+10% MP)
You shall have no god before yourself.
Your divine heritage dramatically boosts your attributes as you level up.


Message History

You resist.
The raiju blinks!
You hear a horrible gurgling sound! x2
Your +2 lajatang of flaming bursts into flame!
b - a +2 lajatang of flaming (weapon)
The raiju bites you.
* * * LOW HITPOINT WARNING * * *
The raiju shocks you. You resist.
* * * LOW HITPOINT WARNING * * *
The cyan very ugly thing headbutts you but does no damage.
The raiju bursts into living lightning!
The living lightning hits the cyan very ugly thing.
The cyan very ugly thing resists.
The living lightning misses you.
The raiju blinks! x2
A lich comes into view.
The lich shouts!
A sixfirhy and 2 cyan very ugly things come into view.
The cyan very ugly thing gurgles horribly!
You hear a bark!
You hear a roar!
The cyan very ugly thing basks in the mutagenic energy from its kin and changes!
The lich casts a spell.
The lich seems to speed up.
The raiju bursts into living lightning!
The living lightning hits you but does no damage.
The raiju blinks!
As you read the scroll of teleportation, it crumbles to dust.
You feel strangely unstable.
You feel the power of the Abyss delaying your translocation!
Unknown command.
The lich casts a spell at you. The bolt of cold hits you! You resist.
* * * LOW HITPOINT WARNING * * *
The raiju bursts into living lightning!
The living lightning hits you. You resist.
* * * LOW HITPOINT WARNING * * *
The raiju blinks!
You feel much better.
The lich conjures an orb of pure magic.
An orb of destruction comes into view.
The wavering orb of destruction hits you!!!
You die...

#..3.##.x###.#
.# . # .#.# ..
#.. .##
#...##.#..
.....u#.#..
#.#....u#.# ## #
#.
.##.x####.##.#
##.##..3..#....#
..#
#.#.#u○.h##.#
..#
..###..L@...# .
# . #..#....##
##....#...#.#
.#.......###
##.>.§...
#.###.#.## #.
##..# ##.


You could see 3 very ugly things, a lich (fast), an ancient zyme, a sixfirhy and
a raiju.

Vanquished Creatures
  A tentacled starspawn (Abyss:3)
  The ghost of Hacy the Protected, a journeyman GnEE of Vehumet (Orc:1)
  An orc warlord (Orc:2)
  A ghoul (Swamp:1)
  4 eleionomae (Swamp:1)
  A minotaur (Gauntlet)
  4 bunyips (Swamp:1)
  A great orb of eyes (Abyss:3)
  A shambling mangrove (Swamp:1)
  8 vault guards (D:13)
  10 hydras
  Erolcha (D:9)
  4 catoblepae
  A ghost crab (Swamp:1)
  3 boulder beetles
  2 alligators (Swamp:1)
  A dancing weapon (Abyss:3)
  A tengu warrior (Gauntlet)
  2 two-headed ogres
  The ghost of experimilk the Geomancer, a journeyman GrEE of Vehumet (D:10)
  5 orc high priests (Orc:2)
  11 death yaks
  2 thrashing horrors (Abyss:3)
  6 spriggans (Swamp:1)
  A deep elf knight (Elf:1)
  2 skeletal warriors (Volcano)
  A fire crab (Gauntlet)
  A fire crab (shapeshifter) (D:14)
  A wretched star (Abyss:3)
  2 goliath frogs (Swamp:1)
  2 bog bodies (Swamp:1)
  6 orc knights (Orc:2)
  An anaconda skeleton (Volcano)
  Pikel (D:5)
  A deep elf pyromancer (D:13)
  An oklob plant (Lair:1)
  A deep elf zephyrmancer (Elf:1)
  3 orc sorcerers
  3 ugly things (D:12)
  A will-o-the-wisp (Swamp:1)
  3 cyclopes
  2 manticores (Lair:6)
  A worldbinder (Abyss:3)
  2 large abominations (Abyss:3)
  8 elephants
  5 black mambas
  6 torpor snails
  9 cane toads
  5 gargoyles (Volcano)
  3 rime drakes
  Psyche (D:10)
  An unseen horror (D:12)
  A tengu conjurer (Gauntlet)
  5 kobold demonologists
  10 komodo dragons
  A komodo dragon (shapeshifter) (D:14)
  An ancient zyme (Abyss:3)
  6 trolls
  A bloated husk (Swamp:1)
  4 polar bears (Lair:5)
  2 tyrant leeches
  3 harpy skeletons (Volcano)
  A raiju (Abyss:3)
  8 blink frogs
  10 hornets
  8 dream sheep (Lair:6)
  4 culicivoras (Lair:3)
  3 flying skulls (Volcano)
  An alligator skeleton (Volcano)
  A vampire (D:13)
  5 wyverns
  6 fire bats
  5 basilisks
  4 vampire mosquitoes (D:12)
  38 yaks
  A neqoxec (Abyss:3)
  2 water elementals
  2 steam dragons
  Menkaure (D:5)
  6 wargs
  10 swamp worms
  Edmund (D:5)
  10 water moccasins
  3 swamp drakes (Swamp:1)
  A sky beast (D:3)
  33 orc warriors
  4 black bears
  An ice beast (D:8)
  2 necrophages
  9 ogres
  13 wolves
  11 centaurs
  A phantom (D:5)
  2 lemures (D:5)
  2 kobold brigands (D:9)
  14 bullfrogs
  2 gnoll sergeants
  4 scorpions
  A wyvern zombie (D:5)
  2 troll skeletons (Volcano)
  8 wights
  6 killer bees (D:8)
  8 electric eels
  3 spriggan skeletons (Volcano)
  A bullfrog zombie (D:5)
  6 centaur zombies
  3 quasits (Abyss:3)
  6 hounds
  2 jellies
  A bullfrog skeleton (D:4)
  A centaur skeleton (D:7)
  A gnoll shaman (D:5)
  39 orc priests
  10 iguanas
  Jessica (D:2)
  23 orc wizards
  A spectral orc (Orc:1)
  6 hell rats (Lair:6)
  A killer bee zombie (D:5)
  A naga skeleton (Volcano)
  A howler monkey skeleton (D:6)
  9 adders
  23 gnolls
  2 shadow imps
  3 white imps
  3 ufetubi
  4 orc simulacra (Orc:1)
  2 worms
  3 dart slugs
  91 orcs
  13 ball pythons
  4 bats
  5 endoplasms
  4 giant cockroaches
  10 goblins
  11 hobgoblins
  6 jackals
  10 quokkas
  14 frilled lizards
  A jackal skeleton (D:4)
  19 kobolds
  6 rats
  3 butterflies (D:9)
  3 toadstools (D:12)
791 creatures vanquished.

Vanquished Creatures (others)
  17 demonic plants (Gauntlet)
  4 foxfires (Swamp:1)
  129 fulminant prisms
  73 fungi
  87 plants
310 creatures vanquished.

Grand Total: 1101 creatures vanquished

Notes
Turn   | Place    | Note
-------+----------+-------------------------------------------
     0 | D:1      | pkoi the Demigod Conjurer began the quest for the Orb.
     0 | D:1      | Reached XP level 1. HP: 14/14 MP: 5/5
   523 | D:1      | Reached skill level 4 in Conjurations
   531 | D:1      | Reached XP level 2. HP: 2/20 MP: 0/7
   931 | D:1      | Learned a level 2 spell: Searing Ray
  2110 | D:2      | Reached XP level 3. HP: 26/26 MP: 6/8
  2673 | D:2      | Noticed Jessica
  2677 | D:2      | Killed Jessica
  2678 | D:2      | Reached XP level 4. HP: 33/33 MP: 5/10
  2679 | D:2      | Reached skill level 5 in Conjurations
  2782 | D:2      | Learned a level 4 spell: Iskenderun's Mystic Blast
  3316 | D:3      | Found a glowing drain.
  3325 | Sewer    | Entered a sewer
  3685 | Sewer    | Reached skill level 1 in Translocations
  3685 | Sewer    | Reached XP level 5. HP: 39/39 MP: 9/12
  3819 | Sewer    | Reached skill level 1 in Fighting
  4577 | D:3      | Noticed a sky beast
  4583 | D:3      | Killed a sky beast
  4584 | D:3      | Reached XP level 6. HP: 37/47 MP: 7/13
  4632 | D:3      | Learned a level 4 spell: Fulminant Prism
  5459 | D:4      | Reached skill level 6 in Conjurations
  5675 | D:4      | Reached skill level 1 in Hexes
  5675 | D:4      | Reached XP level 7. HP: 48/55 MP: 2/15
  7094 | D:5      | Entered Level 5 of the Dungeon
  7127 | D:5      | Reached XP level 8. HP: 62/63 MP: 9/17
  7180 | D:5      | Learned a level 3 spell: Swiftness
  7291 | D:5      | Noticed Pikel
  7383 | D:5      | Found Yzyasham's Armour Shop.
  7405 | D:5      | Noticed Edmund
  7635 | D:5      | Reached skill level 7 in Conjurations
  7678 | D:5      | Killed Edmund
  7880 | D:5      | Reached skill level 1 in Air Magic
  8096 | D:5      | Killed Pikel
  8783 | D:5      | Reached XP level 9. HP: 68/71 MP: 9/19
  8981 | D:5      | Noticed Menkaure
  8986 | D:5      | Killed Menkaure
  9481 | D:6      | Reached skill level 8 in Conjurations
  9926 | D:6      | Found a staircase to the Ecumenical Temple.
 10519 | D:6      | Identified the +1 robe of the Miller {rElec rC++ Regen+
                  | SInv}
 10655 | D:6      | Reached skill level 5 in Spellcasting
 10691 | D:6      | Learned a level 4 spell: Airstrike
 11864 | D:7      | Reached skill level 5 in Translocations
 13365 | D:8      | Reached XP level 10. HP: 65/80 MP: 13/21
 13905 | D:8      | Reached skill level 5 in Fighting
 14108 | D:8      | Identified the +5 chain mail of Fetied {*Corrode rC+
                  | Stlth+}
 14261 | D:8      | Reached skill level 9 in Conjurations
 14519 | D:8      | Found a staircase to the Lair.
 15090 | Lair:1   | Entered Level 1 of the Lair of Beasts
 15090 | Lair:1   | Noticed an oklob plant
 15097 | Lair:1   | Killed an oklob plant
 15460 | Lair:1   | Noticed an eight-headed hydra
 15467 | D:8      | Killed an eight-headed hydra
 15849 | Lair:1   | Reached skill level 5 in Hexes
 16359 | Lair:1   | Reached skill level 5 in Dodging
 17765 | Lair:2   | Reached XP level 11. HP: 77/89 MP: 7/24
 18038 | Lair:2   | Reached skill level 1 in Ice Magic
 18439 | Lair:2   | Noticed an eight-headed hydra
 18460 | Lair:2   | Killed an eight-headed hydra
 18461 | Lair:2   | Reached skill level 10 in Conjurations
 19131 | Lair:2   | Noticed Keef's ghost (journeyman OpTm)
 20316 | Lair:2   | Found a runed translucent door.
 20416 | Lair:2   | Noticed a four-headed hydra
 20424 | Lair:2   | Killed a four-headed hydra
 20842 | Lair:2   | Found a staircase to the Swamp.
 21344 | Lair:3   | Noticed a four-headed hydra
 21351 | Lair:3   | Killed a four-headed hydra
 21646 | Lair:3   | Noticed a six-headed hydra
 21654 | Lair:3   | Killed a six-headed hydra
 22215 | Lair:2   | Learned a level 5 spell: Freezing Cloud
 22221 | Lair:3   | Reached XP level 12. HP: 97/97 MP: 13/26
 22386 | Lair:3   | Learned a level 1 spell: Apportation
 22680 | Lair:3   | Found a hole to the Spider Nest.
 23640 | Lair:4   | Noticed a six-headed hydra
 23647 | Lair:4   | Noticed a five-headed hydra
 23649 | Lair:4   | Killed a six-headed hydra
 23650 | Lair:4   | Reached skill level 5 in Air Magic
 23680 | Lair:3   | Reached skill level 11 in Conjurations
 24482 | Lair:4   | Killed a five-headed hydra
 25069 | Lair:4   | Noticed a four-headed hydra
 25072 | Lair:4   | Killed a four-headed hydra
 25136 | Lair:4   | Identified the ring of Wacewkip {rElec MP+9 Str+6 Int+3}
 25332 | Lair:5   | Found a staircase to the Slime Pits.
 26931 | Lair:6   | Entered Level 6 of the Lair of Beasts
 27886 | Lair:6   | Reached XP level 13. HP: 105/105 MP: 14/28
 28555 | Lair:5   | Reached skill level 5 in Ice Magic
 29148 | Lair:6   | Learned a level 2 spell: Blink
 30816 | Lair:6   | Identified a scroll of acquirement
 31175 | Lair:6   | Acquired the ring of Vaninej {rF++ Will- rCorr Int+6 Dex+4}
 31818 | D:9      | Noticed Erolcha
 31823 | D:9      | Killed Erolcha
 31949 | D:9      | Identified the +0 scale mail of Integrity {Dex+2}
 32597 | D:10     | Entered Level 10 of the Dungeon
 32670 | D:10     | Found Faisa's General Store.
 32883 | D:10     | Bought a scroll of blinking for 90 gold pieces
 32883 | D:10     | Bought a scroll of identify for 24 gold pieces
 32883 | D:10     | Bought a scroll of identify for 24 gold pieces
 33208 | D:10     | Noticed Psyche
 33213 | D:10     | Killed Psyche
 33370 | D:10     | Found a runed translucent gate.
 33371 | D:10     | Found a runed translucent gate.
 33372 | D:10     | Found a runed translucent gate.
 33373 | D:10     | Noticed experimilk's ghost (journeyman GrEE)
 33402 | D:10     | Killed experimilk's ghost
 33542 | D:10     | Identified the +6 scimitar "Dotyreutt" {drain, Contam rElec
                  | Int+5}
 34138 | D:10     | Found a staircase to the Orcish Mines.
 35051 | D:11     | Found Zabrikki's Magic Scroll Emporium.
 35059 | D:11     | Bought a scroll of blinking for 97 gold pieces
 35318 | D:11     | You fall into a shaft and drop 2 floors!
 35318 | D:13     | Found Ofem's Armour Shoppe.
 35834 | D:12     | Reached XP level 14. HP: 111/116 MP: 29/30
 35982 | D:12     | Reached skill level 12 in Conjurations
 37734 | D:12     | Found a portal to a secret trove of treasure.
 38345 | D:13     | Found a gate to the Vaults.
 39148 | Swamp:1  | Entered Level 1 of the Swamp
 39783 | Swamp:1  | HP: 4/116 [eleionoma/spray of wooden splinters (35)]
 40269 | D:14     | Found a gate leading to a gauntlet.
 40274 | Gauntlet | Entered a Gauntlet
 40274 | Gauntlet | Found a large runed translucent door.
 40274 | Gauntlet | Found a large runed translucent door.
 40274 | Gauntlet | Found a large runed translucent door.
 40274 | Gauntlet | Found a large runed translucent door.
 40274 | Gauntlet | Found a runed translucent door.
 40274 | Gauntlet | Found a large runed translucent door.
 40274 | Gauntlet | Found a large runed translucent door.
 40274 | Gauntlet | Found a transporter.
 40274 | Gauntlet | Found a transporter.
 40274 | Gauntlet | Found a large runed translucent door.
 40274 | Gauntlet | Found a large runed translucent door.
 40274 | Gauntlet | Found a runed translucent gate.
 40274 | Gauntlet | Found a runed translucent gate.
 40274 | Gauntlet | Found a transporter.
 40275 | Gauntlet | Found a transporter.
 40278 | Gauntlet | Found a transporter.
 40278 | Gauntlet | Found a transporter.
 40279 | Gauntlet | Found a runed translucent gate.
 40279 | Gauntlet | Found a runed translucent door.
 40283 | Gauntlet | Found a large runed translucent door.
 40283 | Gauntlet | Found a large runed translucent door.
 40288 | Gauntlet | Found a transporter.
 40292 | Gauntlet | Found a transporter.
 40302 | Gauntlet | Found a transporter.
 40348 | Gauntlet | Found a large runed translucent door.
 40348 | Gauntlet | Found a large runed translucent door.
 40351 | Gauntlet | Found a large runed translucent door.
 40351 | Gauntlet | Found a large runed translucent door.
 40352 | Gauntlet | Found a large runed translucent door.
 40353 | Gauntlet | Found a large runed translucent door.
 40407 | Gauntlet | Found a transporter.
 40408 | Gauntlet | Found a transporter.
 40417 | Gauntlet | Found a transporter.
 40474 | Gauntlet | Identified the amulet "Mumaq" {Faith +Inv Dex-2 Slay+6
                  | SInv}
 40578 | Gauntlet | Identified the +0 pair of boots of Zevud {rCorr Str+7
                  | Int-4}
 41368 | Swamp:1  | Got the Almanac of Creative Flames
 41424 | Swamp:1  | Reached skill level 1 in Staves
 42718 | Swamp:1  | Noticed a ghoul
 42725 | Swamp:1  | Killed a ghoul
 43667 | Orc:1    | Entered Level 1 of the Orcish Mines
 43794 | Orc:1    | Reached XP level 15. HP: 125/125 MP: 25/33
 44104 | Orc:1    | Found a runed translucent gate.
 44104 | Orc:1    | Found a runed translucent gate.
 44105 | Orc:1    | Found a runed translucent gate.
 44116 | Orc:1    | Noticed Hacy's ghost (journeyman GnEE)
 44135 | Orc:1    | Killed Hacy's ghost
 44270 | Orc:2    | Entered Level 2 of the Orcish Mines
 44303 | Orc:2    | HP: 5/126 [two-headed ogre/+0 giant club (17)]
 44317 | Orc:2    | Found a dark tunnel.
 44325 | Volcano  | Entered a volcano
 44707 | Volcano  | Reached skill level 1 in Evocations
 45348 | Volcano  | Identified the +0 barding "Ixzinu" {rElec rCorr Dex+4
                  | Stlth-}
 45906 | Orc:2    | Found a staircase to the Elven Halls.
 47073 | Orc:2    | Reached skill level 10 in Fighting
 47383 | Orc:2    | Found Emaifosy's General Store.
 47383 | Orc:2    | Found Geareihini's General Store.
 47385 | Orc:2    | Found Nices's Magic Scroll Shop.
 47385 | Orc:2    | Found Picvoqow's Weapon Boutique.
 47651 | Orc:2    | Bought a potion of curing for 48 gold pieces
 47651 | Orc:2    | Bought 2 potions of haste for 320 gold pieces
 47654 | Orc:2    | Bought a scroll of fog for 34 gold pieces
 47654 | Orc:2    | Bought a scroll of fear for 59 gold pieces
 47825 | Elf:1    | Entered Level 1 of the Elven Halls
 48289 | D:14     | Noticed Louise
 48296 | D:14     | Cast into level 3 of the Abyss (Louise)
 48576 | Abyss:3  | Noticed a tentacled starspawn
 48583 | Abyss:3  | Killed a tentacled starspawn
 48646 | Abyss:3  | Noticed a lich
 48655 | Abyss:3  | HP: 4/126 [raiju/living lightning (4)]
 48657 | Abyss:3  | Blown up by a lich

Illustrated notes

Levels and vault maps discovered:
D:1:      minmay_arrival_hallway, layout_basic, nrook_loot_triangle
D:2:      layout_basic, minmay_unequal, uniq_jessica
D:3:      layout_basic, general_overflow_altar, cheibrodos_sewer_entry_drain,
          moated_statue
D:4:      layout_basic, minmay_checkerbox
D:5:      layout_loops_ring, serial_shops, nicolae_shop_hallway_plus,
          uniq_pikel, uniq_menkaure, uniq_edmund
D:6:      layout_cave_pods, old_standard_altar, minmay_temple_entry_mini_moons
D:7:      layout_cave_pods, nicolae_overflow_hallway_of_the_gods,
          gammafunk_temple_overflow_statue
D:8:      layout_basic, erik_lair_island, st_stairs_5, minivault_27
D:9:      layout_roguey, hangedman_glass_garden, uniq_erolcha
D:10:     layout_rooms, david_orc_4, gammafunk_ghost_hydra_chop, serial_shops,
          nicolae_shop_stone, serial_co_window_serial, co_window_paths_a,
          co_window_of_opportunity_a, co_window_corner_a, co_window_paths_a,
          co_window_paths_a, co_window_paths_a, co_window_broadway_c,
          co_window_broadway_c, co_window_broadway_b,
          co_window_of_opportunity_b, uniq_psyche
D:11:     layout_gridville, serial_shops, nicolae_shop_stone,
          chequers_mini_garden
D:12:     layout_basic, trove_entry_hex_spiral, minmay_crystal_water,
          minmay_gold_behind_fungi, kennysheep_generic_room_14
D:13:     layout_roguey, erik_vaults_2, serial_shops, shop
D:14:     layout_basic, nrook_mini_vaults, gauntlet_entry_generic,
          portal_ice_cave_entry_pillars_four, uniq_louise, uniq_josephine,
          uniq_agnes, uniq_snorg
Lair:1:   beast_lair_carwin_large_1, layout_hall_layers
Lair:2:   layout_hall_layers, palyth_hydra_swamp_entry,
          hellmonk_ghost_happy_afterlife, grunt_megastairs_3,
          serial_bayou_shore_a
Lair:3:   layout_loops_ring, hellmonk_spider_entry_life_and_decay, basic_altar,
          infiniplex_staircase_pool, lemuel_fruit_fields, grunt_megastairs_2
Lair:4:   cheibrodos_lair_river_kwai, layout_regular_city
Lair:5:   layout_long_grid, slime_altar_1, cheibrodos_lair_lostbears,
          serial_bayou_shore_b
Lair:6:   evilmike_catoblepas_cave, layout_regular_city, kennysheep_snail_temple
Swamp:1:  nicolae_swamp_wrong_neighborhood, layout_basic_swamp,
          hangedman_swamp_lotus, swamp_pool3, nicolae_swamp_soggy_hallways
Orc:1:    layout_caves, gammafunk_ghost_necromancy
Orc:2:    st_orc_pillars, layout_caves, basic_altar,
          lightli_volcano_entry_magma_tube, lightli_orcish_oven
Elf:1:    layout_gridlike, serial_shops, nicolae_shop_statue_plus,
          kennysheep_underground_church, minivault_16
Abyss:3:  base: Lair:6, guppyfry_abyss_exit_glass_guarded,
          evilmike_abyss_rune_tso_outpost

Skill      XL: |  1  2  3  4  5  6  7  8  9 10 11 12 13 14 15 |
---------------+----------------------------------------------+-----
Conjurations   | 4 5 6 7 8 9 10 11 12 | 12.0
Spellcasting   | 2 3 4 5 6 7 8 9 |  9.8
Translocations | 1 2 3 4 5 6 7 8 9 |  9.0
Fighting       | 1 2 3 4 5 6 7 8 9 10 | 10.0
Hexes          | 1 2 3 4 5 6 7 8 9 |  9.0
Dodging        | 3 4 5 6 7 8 9 |  9.8
Air Magic      | 1 3 4 5 7 |  7.5
Ice Magic      | 3 4 6 7 8 |  8.2
Staves         | 2 4 |  4.1
Evocations     | 2 |  2.5
Stealth        | |  1.7

Action                   |  1- 3 |  4- 6 |  7- 9 | 10-12 | 13-15 || total
-------------------------+-------+-------+-------+-------+-------++-------
Melee: Whip              |    19 |       |       |       |       ||    19
       Dagger            |       |       |    21 |    74 |    31 ||   126
       Punch             |       |       |     1 |     1 |       ||     2
       Short sword       |       |       |       |     1 |       ||     1
       Staff             |       |       |       |       |    61 ||    61
       Lajatang          |       |       |       |       |    33 ||    33
 Cast: Magic Dart        |    79 |   141 |    95 |    35 |   114 ||   464
       Searing Ray       |       |     7 |    42 |     3 |     5 ||    57
       Iskenderun's Myst |       |       |    42 |   185 |   293 ||   520
       Fulminant Prism   |       |       |     8 |    71 |    50 ||   129
       Freezing Cloud    |       |       |       |    19 |   158 ||   177
       Airstrike         |       |       |       |       |    27 ||    27
       Blink             |       |       |       |       |     1 ||     1
Evoke: Wand              |       |       |       |     7 |     4 ||    11
  Use: Potion            |     3 |     2 |       |       |     5 ||    10
       Scroll            |     2 |     5 |     7 |     6 |    10 ||    30
 Stab: Sleeping          |       |       |     1 |     1 |       ||     2
Armor: Robe              |     3 |     8 |    43 |    51 |    64 ||   169
Dodge: Dodged            |    13 |    22 |    75 |   144 |   223 ||   477
